 Dungeon Crawl Stone Soup version 0.29.1-15-g9cfb28693d (webtiles) character file.

Game seed: 14585000879512404980

1097 leafyfresh the Covert (level 8, -1/57 HPs)
             Began as an Octopode Delver on Mar 5, 2023.
             Slain by an orc wizard
             ... wielding a +0 dagger
              (3 damage)
             ... on level 5 of the Dungeon.
             The game lasted 00:06:44 (5717 turns).

leafyfresh the Covert (Octopode Delver)             Turns: 5717, Time: 00:06:44

Health: -1/57      AC:  1    Str: 11    XL:     8   Next: 31%
Magic:  8/8        EV: 16    Int: 15    God:
Gold:   318        SH:  0    Dex: 19    Spells: 7/7 levels left

rFire   . . .      SeeInvis .   n - +2 flail (vorpal)
rCold   . . .      Faith    .   (no shield)
rNeg    . . .      Spirit   .   (helmet restricted)
rPois   .          Reflect  .   (no amulet)
rElec   .          Harm     .   t - +6 ring of dexterity
rCorr   .          Rampage  .   (no ring)
Will    .....                   (no ring)
Stlth   +++.......              (no ring)
HPRegen 0.19/turn               (no ring)
MPRegen 0.11/turn               (no ring)
                                (no ring)
                                (no ring)

@: confused
A: almost no armour, amphibious, 8 rings, camouflage 1, gelatinous body 1,
(nimble swimmer 1), tentacles
a: no special abilities


You were on level 5 of the Dungeon.
You visited 1 branch of the dungeon, and saw 5 of its levels.

You collected 318 gold pieces.

Inventory:

Hand Weapons
 a - a +0 short sword
 b - a +2 dagger of speed
 n - a +2 vorpal flail (weapon)
 x - a +3 short sword
Jewellery
 t - a +6 ring of dexterity (left tentacle)
Wands
 f - a wand of digging (3)
 g - a wand of polymorph (6)
 w - a wand of flame (16)
Scrolls
 c - 2 scrolls of magic mapping
 d - a scroll of fear
 h - 5 scrolls of teleportation
 i - a scroll of enchant armour {unknown}
 k - 2 scrolls of noise {unknown}
 l - 5 scrolls of identify {unknown}
 m - a scroll of amnesia {unknown}
 p - a scroll of butterflies {unknown}
 u - a scroll of silence {unknown}
 y - a scroll of blinking {unknown}
Potions
 e - a potion of haste
 j - 2 potions of flight {unknown}
 o - 2 potions of brilliance {unknown}
 q - 2 potions of lignification {unknown}
 r - 4 potions of curing {unknown}
 s - 2 potions of might {unknown}
 v - 2 potions of invisibility {unknown}
 z - a potion of heal wounds {unknown}


   Skills:
 + Level 6.2 Fighting
 - Level 2.0 Short Blades
 + Level 5.8 Dodging
 + Level 10.2 Stealth


You had 7 spell levels left.
You didn't know any spells.
Your spell library was empty.

Dungeon Overview and Level Annotations

Branches:
Dungeon (5/15)
 Temple: D:4-7

Altars:
Sif Muna

Shops:
D:2 *   D:4 *   D:5 ?[?*


Innate Abilities, Weirdness & Mutations

You cannot wear most types of armour.
You are amphibious.
You can wear up to eight rings at the same time.
Your skin changes colour to match your surroundings (Stealth+).
Your rubbery body absorbs attacks. (AC +1, EV +1)
((You are camouflaged when in or above water. (Stealth+)))
You have tentacles for arms and can constrict up to eight enemies at once.


Message History

You barely miss the orc wizard. Your grab misses the orc wizard.
The orc wizard hits you with a +0 dagger.
Something hits you. Something closely misses you.
The orc wizard hits you with a +0 dagger.
You hit the orc wizard but do no damage.
You grab the orc wizard. You constrict the orc wizard.
The orc wizard closely misses you.
You hear some strange, mumbled words.
A magic dart appears from out of thin air!
The magic dart hits you.
* * * LOW HITPOINT WARNING * * *
You hit the orc wizard. You squeeze the orc wizard.
The orc wizard is severely wounded.
You constrict the orc wizard.
The orc wizard hits you with a +0 dagger.
* * * LOW HITPOINT WARNING * * *
Something barely misses you. Something hits you.
* * * LOW HITPOINT WARNING * * *
The orc wizard hits you with a +0 dagger.
* * * LOW HITPOINT WARNING * * *
Unknown command.
You sock the orc wizard!
You kill the orc wizard!
You hear some strange, mumbled words.
You are confused.
Unknown command.
Something barely misses you.
You hit something but do no damage.
You hear some strange, mumbled words.
You are more confused.
Unknown command.
Unknown command.
You miss something. Something hits you.
* * * LOW HITPOINT WARNING * * *
Something hits you.
* * * LOW HITPOINT WARNING * * *
You are too confused!
Unknown command.
You miss something. Something hits you.
You die...

≈...#..##.###.#...#.......
...######..#####..#)...... ..##
#......#..))...##
.....###...............##...
#........>........#)........
....
.......##........(#....##.##
.... .#.....
#.......)<).##.....##....
.##.............{...........#..#
.# ........#.#..@...#...[......#
..........####......#....##...#
..........................#..#
...............##...#.......##
..............###...#........##
.......................<......##
...............#....###....#...#
#..............#.....##....#..##
.oo..## .... ............#..#


There were no monsters in sight!

Vanquished Creatures
  An ogre (D:4)
  2 necrophages (D:5)
  3 scorpions
  3 vampire bats (D:5)
  2 howler monkeys
  2 orc priests (D:3)
  A gnoll bouda (D:4)
  3 hounds (D:5)
  An iguana (D:4)
  3 orc wizards
  6 gnolls
  7 adders
  A white imp (D:4)
  2 dart slugs
  21 orcs
  9 endoplasms
  2 giant cockroaches
  9 goblins
  6 hobgoblins
  2 jackals (D:4)
  3 quokkas
  4 ball pythons
  10 bats
  5 frilled lizards
  8 kobolds
  6 rats
122 creatures vanquished.

Notes
Turn   | Place    | Note
-------+----------+-------------------------------------------
     0 | D:5      | leafyfresh the Octopode Delver began the quest for the Orb.
     0 | D:5      | Reached XP level 1. HP: 16/16 MP: 1/1
     3 | D:5      | Found Ahorues's Magic Scroll Boutique.
     6 | D:5      | Noticed a howler monkey
    13 | D:5      | Killed a howler monkey
    14 | D:5      | Reached skill level 7 in Stealth
    14 | D:5      | Reached XP level 2. HP: 21/21 MP: 2/2
    14 | D:5      | Reached XP level 3. HP: 26/26 MP: 3/3
    18 | D:5      | Found Hol Elew's Antique Armour Emporium.
    26 | D:5      | Reached XP level 4. HP: 31/33 MP: 4/4
    60 | D:5      | Reached XP level 5. HP: 10/37 MP: 5/5
   102 | D:5      | Reached skill level 8 in Stealth
   391 | D:5      | Found Nomeud Boobu's Magic Scroll Shoppe.
   410 | D:5      | Reached XP level 6. HP: 15/43 MP: 6/6
   719 | D:5      | Found Gihi's Assorted Antiques.
   881 | D:5      | Reached skill level 5 in Fighting
   881 | D:5      | Reached XP level 7. HP: 50/50 MP: 7/7
   906 | D:5      | Reached skill level 9 in Stealth
  1196 | D:4      | Reached skill level 5 in Dodging
  1606 | D:4      | Found a shimmering blue altar of Sif Muna.
  1652 | D:4      | Found Finaek's Fire Supplies.
  2458 | D:3      | Reached XP level 8. HP: 32/57 MP: 8/8
  3327 | D:2      | Found Bakheref's General Store.
  3376 | D:2      | Reached skill level 10 in Stealth
  4816 | D:1      | Found a faded altar of an unknown god.
  5716 | D:5      | HP: 2/57 [something (4)]
  5717 | D:5      | Slain by an orc wizard

Illustrated notes

Levels and vault maps discovered:
D:1:      arrival_aquarium_b, layout_loops_ring, nicolae_ecumenical_lake_church
D:2:      layout_rooms, serial_shops, nicolae_shop_trees
D:3:      layout_basic
D:4:      layout_loops_cross, lemuel_doored_altar, minivault_19,
          nicolae_shop_fire_sale [nicolae_sub_dead_trees]
D:5:      layout_cave_pools, gammafunk_temple_overflow_wave, serial_shops, shop,
          nicolae_diamond_shop, shop_coins, nicolae_lakefront_shop, shop,
          roderic_batcave, minmay_divided_ellipse

Skill      XL: |  1  2  3  4  5  6  7  8 |
---------------+-------------------------+-----
Stealth        | 7 8 9 10 | 10.2
Dodging        | 3 4 5 |  5.8
Fighting       | 4 5 6 |  6.2
Short Blades   | |  2.0

Action                   |  1- 3 |  4- 6 |  7- 9 || total
-------------------------+-------+-------+-------++-------
Melee: Short sword       |     3 |    61 |    96 ||   160
       Tentacles         |     3 |    14 |    40 ||    57
       Constrict         |     1 |    20 |    40 ||    61
       Punch             |       |     1 |     3 ||     4
       Flail             |       |       |    94 ||    94
  Use: Scroll            |       |       |     2 ||     2
 Stab: Sleeping          |     1 |     5 |    37 ||    43
Armor: Skin              |       |    17 |     5 ||    22
Dodge: Dodged            |     2 |    58 |   114 ||   174
